 Dungeon Crawl Stone Soup version 0.32-a0-123-g8a9189f6be (webtiles) character file.

Game seed: 11575069316605392718

1289 Ge0ff the Shooter (level 8, -9/58 HPs)
             Began as a Mummy Artificer on Feb 6, 2024.
             Was a Believer of Nemelex Xobeh.
             Hit by a large rock thrown by a cyclops (32 damage)
             ... on level 6 of the Dungeon.
             The game lasted 00:15:44 (7017 turns).

Ge0ff the Shooter (Mummy Artificer)                 Turns: 7017, Time: 00:15:44

Health: -9/58      AC:  6    Str: 16    XL:     8   Next: 30%
Magic:  11/11      EV: 11    Int: 10    God:    Nemelex Xobeh [**....]
Gold:   342        SH:  0    Dex: 17    Spells: 7/7 levels left

rFire   x . .        a - +1 sling
rCold   + . .        (no shield)
rNeg    + + +        o - +0 leather armour
rPois   ∞            (no helmet)
rElec   .            Q - +0 cloak
rCorr   .            Y - +1 pair of gloves "Daess" {Dex+3}
SInv    +            (no boots)
Will    +....        (no amulet)
Stlth   ++           p - ring of see invisible
HPRegen 0.29/turn    (no ring)
MPRegen 0.12/turn

%: faith
@: studying Alchemy
A: cold resistance 1, negative energy resistance 3, torment resistance 2, heat
vulnerability 1, in touch with death 1, no potions, faith
a: Renounce Religion, Draw Escape, Draw Destruction, Draw Summoning


You were on level 6 of the Dungeon.
You worshipped Nemelex Xobeh.
Nemelex Xobeh was pleased with you.
You visited 2 branches of the dungeon, and saw 7 of its levels.

You collected 342 gold pieces.

Inventory:

Hand Weapons
 a - a +1 sling (weapon)
 b - a +1 trident of venom
 O - a +4 quarterstaff of chaos
 R - a +0 short sword
 V - a +0 mace
 Z - a +2 short sword of speed
Missiles
 g - 38 stones
 M - 2 darts of dispersal
 X - a boomerang
Armour
 o - a +0 leather armour (worn)
 Q - a +0 cloak (worn)
 W - a +0 scale mail of cold resistance
 Y - the +1 pair of gloves "Daess" (worn) {Dex+3}
   (You found it on level 3 of the Dungeon)

   Dex+3:     It affects your dexterity (+3).
Magical Staves
 h - a staff of conjuration
Jewellery
 p - a ring of see invisible (left hand)
 U - a ring of resist corrosion
Wands
 f - a wand of flame (2)
 P - a wand of polymorph (18)
Scrolls
 i - a scroll of identify
 r - 3 scrolls of amnesia
 y - a scroll of immolation
 B - a scroll of blinking
 E - a scroll of fear
 F - a scroll of fog
 S - a scroll of butterflies
 T - 4 scrolls of teleportation


   Skills:
 - Level 3.0 Fighting
 + Level 6.1 Ranged Weapons
 - Level 1.5 Armour
 - Level 1.0 Dodging
 - Level 1.0 Stealth
 - Level 5.0 Invocations
 - Level 3.0 Evocations


You had 7 spell levels left.
You didn't know any spells.
Your spell library contained the following spells:

 Spells                   Type           Power      Damage    Failure   Level
 Ozocubu's Armour         Ice            0%         N/A       80%         3
 Metabolic Englaciation   Hex/Ice        0%         N/A       100%        5
 Sculpt Simulacrum        Ice/Alch       0%         N/A       100%        6


Dungeon Overview and Level Annotations

Branches:
Dungeon (6/15) Zot: 25943  Temple (1/1) D:6 Zot: 5998

Altars:
Dithmenos
Fedhas
Gozag
Hepliaklqana
Kikubaaqudgha
Makhleb
Nemelex Xobeh
Okawaru
Qazlal
Ru
Sif Muna
Trog
Uskayaw
Vehumet
Wu Jian
Xom
Yredelemnul

Shops:
D:1 (   D:3 (

Annotations:
D:4 fly/blink


Innate Abilities, Weirdness & Mutations

You are immune to poison.
Your flesh is cold resistant. (rC+)
You are immune to negative energy. (rN+++)
You are immune to unholy pain and torment.
You are vulnerable to heat. (rF-)
You are in touch with the powers of death.
You do not drink.
You have a special connection with the divine. (Faith)


Message History

You shoot a sling bullet.
The sling bullet closely misses the shadow imp.
You shoot a sling bullet.
The sling bullet completely misses the shadow imp.
The shadow imp misses you.
You shoot a sling bullet.
The sling bullet closely misses the shadow imp.
The shadow imp hits you but does no damage.
You shoot a sling bullet.
The sling bullet closely misses the shadow imp.
The shadow imp hits you.
You shoot a sling bullet. The sling bullet hits the shadow imp!
You kill the shadow imp!
A cyclops comes into view.
Okay, then.
As you read the scroll of torment, it crumbles to dust.
You feel a surge of unholy energy.
The cyclops convulses!
The cyclops shouts!
The cyclops throws a large rock.
The large rock barely misses you.
You shoot a sling bullet. The sling bullet hits the cyclops.
The cyclops is heavily wounded.
You shoot a sling bullet.
The sling bullet hits the cyclops but does no damage.
The cyclops is heavily wounded.
The cyclops throws a large rock.
The large rock hits you!
You shoot a sling bullet. The sling bullet hits the cyclops!
The cyclops is severely wounded.
You shoot a sling bullet. The sling bullet hits the cyclops.
The cyclops is severely wounded.
You shoot a sling bullet.
The sling bullet hits the cyclops but does no damage.
The cyclops is severely wounded.
The cyclops throws a large rock.
The large rock hits you!!
You are too injured to fight recklessly!
You are too injured to fight recklessly!
Fire: a) +1 sling
Press: ? - help, Q - select action, (/) - cycle Shift-Dir - straight line, f/p - cyclops
Aim: a cyclops, quivering large rocks (severely wounded, 87% to hit)
You shoot a sling bullet.
The sling bullet hits the cyclops but does no damage.
The cyclops is severely wounded.
Fire: a) +1 sling
Press: ? - help, Q - select action, (/) - cycle Shift-Dir - straight line, f/p - cyclops
Aim: a cyclops, quivering large rocks (severely wounded, 87% to hit)
You shoot a sling bullet.
The sling bullet hits the cyclops but does no damage.
The cyclops is severely wounded.
The cyclops throws a large rock.
The large rock hits you!!
Ouch! That really hurt!
You die...

### #.. ##..# ##..C ##### #...#
## #...# ####... .# #...#
#.....###.## #...# #....@..#..##.
#...########...###.#...#.##
#...#>...........#........#
#.........##.###.#..†.....###+###
#..............#...######........
#..........###.#.#.#####....##...
.............#...#<..............
##########...#.###........<...†..
##....###..........###..


You could see a cyclops.

Vanquished Creatures
  A water moccasin (D:6)
  2 black bears
  Blork the orc (D:5)
  2 scorpions
  A howler monkey (D:4)
  An orc priest (D:4)
  5 hounds
  Crazy Yiuf (D:4)
  A sleepcap (D:6)
  Jessica (D:3)
  Natasha (thrice) (D:4)
  4 iguanas
  5 orc wizards
  6 adders
  A shadow imp (D:6)
  2 dart slugs
  3 ribbon worms
  9 orcs
  2 bats
  7 endoplasms
  2 giant cockroaches
  8 goblins
  6 hobgoblins
  2 jackals (D:1)
  5 kobolds
  2 quokkas
  7 ball pythons
  A frilled lizard (D:1)
  4 rats
95 creatures vanquished.

Vanquished Creatures (collateral kills)
  A sleepcap (D:5)
  Ijyb (D:5)
  An adder (D:5)
  An orc (D:3)
  A ball python (D:1)
  3 bats (D:1)
  An endoplasm (D:1)
  2 jackals (D:1)
  A quokka (D:5)
  A kobold (D:1)
  A rat (D:1)
14 creatures vanquished.

Vanquished Creatures (others)
  A bombardier beetle (D:5)
  An orc wizard (D:3)
  An adder (D:3)
  2 orcs
  A hobgoblin (D:1)
  3 jackals (D:1)
9 creatures vanquished.

Grand Total: 118 creatures vanquished

Notes
Turn   | Place    | Note
-------+----------+-------------------------------------------
     0 | D:1      | Ge0ff the Mummy Artificer began the quest for the Orb.
     0 | D:1      | Reached XP level 1. HP: 15/15 MP: 1/1
    90 | D:1      | Reached skill level 1 in Stealth
   151 | D:1      | Reached XP level 2. HP: 21/22 MP: 2/2
   569 | D:1      | Found Hoiphoh's Weapon Boutique.
   715 | D:1      | Reached XP level 3. HP: 26/28 MP: 3/3
   818 | D:2      | Reached skill level 1 in Dodging
  1514 | D:3      | Noticed Jessica
  1653 | D:3      | Found Panesh's Weapon Shop.
  1693 | D:3      | Reached skill level 1 in Ranged Weapons
  1693 | D:3      | Reached XP level 4. HP: 22/35 MP: 4/4
  1749 | D:3      | Killed Jessica
  1775 | D:3      | Identified the +1 pair of gloves "Daess" {Dex+3}
  1822 | D:3      | Found a stormy altar of Qazlal.
  1873 | D:3      | Reached skill level 2 in Ranged Weapons
  1918 | D:3      | Found a sparkling altar of Nemelex Xobeh.
  2137 | D:3      | Became a worshipper of Nemelex Xobeh the Trickster
  2232 | D:4      | Reached XP level 5. HP: 41/41 MP: 5/5
  2330 | D:4      | Reached skill level 3 in Ranged Weapons
  2568 | D:4      | Found a shimmering blue altar of Sif Muna.
  2667 | D:4      | Found an iron altar of Okawaru.
  2968 | D:4      | Reached skill level 1 in Invocations
  2968 | D:4      | Reached XP level 6. HP: 47/47 MP: 6/6
  3028 | D:4      | Noticed Natasha
  3036 | D:4      | Killed Natasha
  3130 | D:4      | Reached * piety under Nemelex Xobeh
  3360 | D:4      | Received a gift from Nemelex Xobeh
  3424 | D:4      | Noticed Natasha
  3433 | D:4      | Killed Natasha
  3482 | D:4      | Reached skill level 4 in Ranged Weapons
  3783 | D:4      | Found a runed translucent door.
  3786 | D:4      | Noticed Crazy Yiuf
  4001 | D:4      | Killed Crazy Yiuf
  4046 | D:4      | Noticed Natasha
  4056 | D:4      | Killed Natasha
  4205 | D:4      | Reached XP level 7. HP: 48/52 MP: 9/9
  4287 | D:5      | Entered Level 5 of the Dungeon
  4307 | D:5      | Noticed Ijyb
  4312 | D:5      | Killed Ijyb
  4360 | D:5      | Found an ancient bone altar of Kikubaaqudgha.
  4945 | D:5      | Noticed Blork the orc
  5545 | D:5      | Killed Blork the orc
  5546 | D:5      | Reached skill level 5 in Ranged Weapons
  5670 | D:5      | Found an ancient bone altar of Kikubaaqudgha.
  5987 | D:6      | Reached ** piety under Nemelex Xobeh
  6010 | D:6      | Noticed an orange demon
  6147 | D:5      | Reached XP level 8. HP: 12/58 MP: 11/11
  6551 | D:6      | Found a staircase to the Ecumenical Temple.
  6559 | Temple   | Entered the Ecumenical Temple
  6612 | D:6      | Received a gift from Nemelex Xobeh
  6902 | D:6      | Reached skill level 6 in Ranged Weapons
  6902 | D:6      | Reached skill level 5 in Invocations
  7009 | D:6      | Noticed a cyclops
  7017 | D:6      | Hit by a large rock thrown by a cyclops

Illustrated notes

Levels and vault maps discovered:
D:1:      dpeg_arrival_pond, layout_rooms, serial_shops,
          nicolae_shop_just_a_little_nook
D:2:      layout_rooms
D:3:      layout_basic, mainiacjoe_overflow_alcove_2,
          mainiacjoe_overflow_six_doors_small, serial_shops,
          nicolae_shop_behind_doors, uniq_jessica
D:4:      layout_layer_cave, mainiacjoe_overflow_chevrons, led_sif_book,
          uniq_crazy_yiuf_cottage, uniq_natasha
D:5:      layout_loops_ring, mainiacjoe_overflow_catwalk, uniq_blork_the_orc,
          uniq_ijyb
D:6:      layout_basic, mainiacjoe_overflow_24_doors, minmay_temple_entry_ruins,
          hangedman_abyss_or_decor_stabs
Temple:   eino_temple_lava

Skill      XL: |  1  2  3  4  5  6  7  8 |
---------------+-------------------------+-----
Stealth        | 1 |  1.0
Fighting       | 2 3 |  3.0
Dodging        | 1 |  1.0
Evocations     | 3 |  3.0
Ranged Weapons | 1 2 3 4 5 6 |  6.1
Invocations    | 1 2 4 5 |  5.0
Armour         | |  1.5

Action                     |  1- 3 |  4- 6 |  7- 9 || total
---------------------------+-------+-------+-------++-------
  Melee: Club              |    13 |       |       ||    13
         Mace              |   113 |     2 |       ||   115
         Punch             |     5 |       |       ||     5
         Trident           |       |       |     3 ||     3
   Fire: Sling             |       |   156 |   172 ||   328
  Throw: Stone             |    10 |       |       ||    10
 Invoke: Draw Destruction  |       |     1 |     3 ||     4
         Draw Summoning    |       |       |     2 ||     2
         Draw Escape       |       |       |     1 ||     1
  Evoke: Wand              |    21 |     9 |     7 ||    37
    Use: Scroll            |     1 |     8 |     2 ||    11
   Stab: Sleeping          |     2 |       |       ||     2
 Armour: Leather armour    |    95 |    54 |   101 ||   250
  Dodge: Dodged            |   105 |    46 |    66 ||   217

Table legend: (Time is in decaauts)
 A = Elapsed time spent in this place.
 B = Non-inter-level travel time spent in this place.
 C = Inter-level travel time spent in this place.
 D = Time resting spent in this place.
 E = Time spent auto-exploring this place.
 F = Levels seen in this place.
 G = Mean time per level.
                   A        B        C        D        E       F      G
               +--------+--------+--------+--------+--------+-----+--------+
         Total |   7147 |   6863 |    284 |    700 |   4760 |   7 | 1021.0 |
       Dungeon |   7145 |   6861 |    284 |    700 |   4760 |   6 | 1190.8 |
        Temple |      1 |      1 |      0 |      0 |      0 |   1 |    1.0 |
               +--------+--------+--------+--------+--------+-----+--------+

Top non-repeatable levels by time:
     D:4: 2135 daAuts
     D:5: 2033 daAuts
     D:3: 1019 daAuts
     D:1: 814 daAuts
     D:6: 686 daAuts
     D:2: 455 daAuts
  Temple: 1 daAuts
